General information
- name: BNet
- type: Ladder team game (AT/RT)
- host: Battle.net
- saver: Hekate
map: Cherryville
- players: 8
- length: 12:02
- speed: Fast
- version: 1.26 W3XP
- replay type: Public
» download(84 KB)
Players
team 1 (loser)
DrJamesRussel (
green | 66 APM | 758 actions | 11:32)
3 Blademaster
1 Wind Walk
2 Critical Strike
» actions
| Assign group hotkey | 7 | |
| Basic commands | 15 | |
| Build / train | 31 | |
| Enter build submenu | 17 | |
| Enter hero's abilities submenu | 3 | |
| Right click | 371 | |
| Select / deselect | 174 | |
| Select group hotkey | 111 | |
| Use ability | 29 | |
758 total
» units
» upgrades
| Berserker Strength | 1 | |
| Melee Weapons | 2 | |
| Armor | 1 | |
4 total
» buildings
| Orc Burrow | 4 | |
| Altar of Storms | 1 | |
| Voodoo Lounge | 1 | |
| War Mill | 2 | |
| Barracks | 2 | |
| Watch Tower | 3 | |
| Stronghold | 1 | |
| Fortress | 1 | |
| Great Hall | 1 | |
16 total
» build order
00:05 Orc Burrow
00:10 Altar of Storms
00:42 Voodoo Lounge
01:12 War Mill
01:56 Barracks
02:31 Orc Burrow
03:00 Barracks
03:26 Watch Tower
03:45 Orc Burrow
06:34 Stronghold
06:45 Watch Tower
06:48 Watch Tower
07:41 Orc Burrow
09:04 War Mill
09:09 Fortress
09:34 Great Hall
» items
| Healing Salve | 1 | |
| Lesser Clarity Potion | 2 | |
3 total
apt408 (
pink | 31 APM | 376 actions | 12:01)
3 Archmage
1 Summon Water Elemental
2 Brilliance Aura
» actions
| Assign group hotkey | 13 | |
| Basic commands | 18 | |
| Build / train | 47 | |
| Enter build submenu | 20 | |
| Enter hero's abilities submenu | 3 | |
| Right click | 54 | |
| Select / deselect | 112 | |
| Select group hotkey | 83 | |
| Use ability | 26 | |
376 total
» units
» upgrades
| Masonry | 1 | |
| Lumber Harvesting | 2 | |
| Flying Machine Bombs | 1 | |
| Flak Cannons | 1 | |
| Gunpowder | 1 | |
| Plating | 1 | |
7 total
» buildings
| Keep | 3 | |
| Altar of Kings | 1 | |
| Farm | 8 | |
| Lumber Mill | 1 | |
| Blacksmith | 1 | |
| Scout Tower | 4 | |
| Arcane Tower | 1 | |
| Workshop | 3 | |
| Castle | 1 | |
| Guard Tower | 2 | |
25 total
» build order
01:20 Keep
01:21 Keep
01:21 Keep
01:42 Altar of Kings
01:56 Farm
02:12 Lumber Mill
02:37 Blacksmith
02:54 Scout Tower
03:25 Arcane Tower
03:48 Workshop
04:22 Farm
04:44 Castle
05:02 Farm
05:18 Workshop
05:43 Farm
07:30 Workshop
07:37 Farm
08:33 Farm
08:48 Scout Tower
09:16 Farm
09:19 Scout Tower
09:21 Guard Tower
09:59 Guard Tower
10:02 Scout Tower
10:14 Farm
» items
| Potion of Healing | 1 | |
| Potion of Mana | 1 | |
2 total
SourDiesel_Pot (
purple | 44 APM | 525 actions | 11:58)
2 Paladin
1 Holy Light
1 Divine Shield
1 Mountain King
1 Thunder Clap
» actions
| Assign group hotkey | 1 | |
| Build / train | 40 | |
| Enter build submenu | 30 | |
| Enter hero's abilities submenu | 3 | |
| Right click | 244 | |
| Select / deselect | 168 | |
| Select group hotkey | 1 | |
| Use ability | 38 | |
525 total
» units
| Peasant | 14 | |
| Footman | 4 | |
| Mortar Team | 2 | |
20 total
» upgrades
| Masonry | 2 | |
| Fragmentation Shards | 1 | |
| Gunpowder | 1 | |
4 total
» buildings
| Altar of Kings | 1 | |
| Barracks | 1 | |
| Farm | 6 | |
| Scout Tower | 7 | |
| Lumber Mill | 1 | |
| Arcane Tower | 2 | |
| Guard Tower | 4 | |
| Keep | 1 | |
| Arcane Vault | 1 | |
| Blacksmith | 2 | |
| Castle | 1 | |
| Workshop | 3 | |
| Arcane Sanctum | 2 | |
32 total
» build order
01:22 Altar of Kings
01:28 Barracks
01:41 Farm
01:45 Scout Tower
01:54 Lumber Mill
02:00 Scout Tower
02:19 Farm
02:34 Scout Tower
02:41 Scout Tower
02:43 Arcane Tower
03:00 Guard Tower
03:10 Guard Tower
03:14 Scout Tower
03:23 Scout Tower
03:50 Keep
04:03 Guard Tower
04:09 Arcane Tower
04:50 Farm
05:10 Scout Tower
05:31 Arcane Vault
06:01 Guard Tower
06:05 Farm
07:09 Blacksmith
07:17 Blacksmith
07:19 Farm
07:35 Farm
07:42 Castle
08:36 Workshop
08:40 Workshop
08:48 Workshop
09:31 Arcane Sanctum
09:40 Arcane Sanctum
» items
| Scroll of Speed | 1 | |
| Scroll of Town Portal | 1 | |
| Lesser Clarity Potion | 1 | |
3 total
whitezombie (
orange | 38 APM | 443 actions | 11:36)
2 Blademaster
1 Wind Walk
1 Critical Strike
2 Shadow Hunter
1 Healing Wave
1 Hex
» actions
| Assign group hotkey | 5 | |
| Build / train | 24 | |
| Enter build submenu | 14 | |
| Enter hero's abilities submenu | 4 | |
| Right click | 144 | |
| Select / deselect | 104 | |
| Select group hotkey | 111 | |
| Use ability | 37 | |
443 total
» units
» upgrades
| Armor | 1 | |
| Ranged Weapons | 1 | |
| Envenomed Spears | 1 | |
3 total
» buildings
| Orc Burrow | 6 | |
| Altar of Storms | 1 | |
| War Mill | 1 | |
| Voodoo Lounge | 1 | |
| Stronghold | 1 | |
| Beastiary | 4 | |
| Fortress | 1 | |
| Great Hall | 1 | |
16 total
» build order
00:26 Orc Burrow
00:45 Altar of Storms
00:55 War Mill
01:37 Voodoo Lounge
02:28 Stronghold
02:41 Orc Burrow
02:46 Orc Burrow
03:10 Orc Burrow
04:52 Beastiary
04:58 Beastiary
05:15 Fortress
07:28 Beastiary
07:35 Beastiary
07:47 Orc Burrow
08:35 Orc Burrow
09:12 Great Hall
» items
| Healing Salve | 1 | |
| Orb of Lightning | 1 | |
2 total
team 2 (winner)

»
Sevenless (
yellow | 72 APM | 863 actions | 12:02)
2 Death Knight
1 Death Coil
1 Unholy Aura
2 Lich
1 Frost Nova
1 Frost Armor
» actions
| Assign group hotkey | 21 | |
| Basic commands | 1 | |
| Build / train | 37 | |
| Enter build submenu | 10 | |
| Enter hero's abilities submenu | 5 | |
| Right click | 476 | |
| Select / deselect | 134 | |
| Select group hotkey | 127 | |
| Use ability | 52 | |
863 total
» units
| Acolyte | 3 | |
| Ghoul | 2 | |
| Crypt Fiend | 11 | |
16 total
» upgrades
| Creature Carapace | 1 | |
| Web | 1 | |
| Creature Attack | 2 | |
4 total
» buildings
| Altar of Darkness | 1 | |
| Ziggurat | 4 | |
| Crypt | 1 | |
| Graveyard | 1 | |
| Tomb of Relics | 1 | |
| Nerubian Tower | 1 | |
| Halls of the Dead | 2 | |
| Sacrificial Pit | 1 | |
| Black Citadel | 1 | |
13 total
» build order
00:07 Altar of Darkness
00:09 Ziggurat
00:34 Crypt
01:00 Graveyard
01:23 Tomb of Relics
01:43 Ziggurat
04:21 Nerubian Tower
04:35 Halls of the Dead
04:36 Halls of the Dead
04:46 Ziggurat
08:19 Sacrificial Pit
09:12 Ziggurat
10:36 Black Citadel
» items
bear10 (
blue | 44 APM | 532 actions | 12:02)
2 Tauren Chieftain
1 Endurance Aura
1 War Stomp
2 Shadow Hunter
1 Healing Wave
1 Hex
» actions
| Assign group hotkey | 16 | |
| Basic commands | 20 | |
| Build / train | 37 | |
| Enter build submenu | 10 | |
| Enter hero's abilities submenu | 4 | |
| Remove unit from queue | 1 | |
| Right click | 227 | |
| Select / deselect | 126 | |
| Select group hotkey | 67 | |
| Use ability | 24 | |
532 total
» units
» upgrades
| Melee Weapons | 2 | |
| Pillage | 1 | |
| Ensnare | 1 | |
4 total
» buildings
| Orc Burrow | 5 | |
| Altar of Storms | 1 | |
| Barracks | 1 | |
| Voodoo Lounge | 1 | |
| War Mill | 1 | |
| Stronghold | 1 | |
| Beastiary | 1 | |
11 total
» build order
00:27 Orc Burrow
00:31 Altar of Storms
01:20 Barracks
02:11 Orc Burrow
02:27 Voodoo Lounge
03:33 Orc Burrow
04:38 War Mill
05:52 Stronghold
08:37 Beastiary
09:05 Orc Burrow
10:25 Orc Burrow
» items
| Healing Salve | 3 | |
| Scroll of Speed | 2 | |
5 total
Hekate (
red | 110 APM | 1319 actions | 12:02)
4 Blood Mage
2 Flame Strike
2 Siphon Mana
» actions
| Assign group hotkey | 41 | |
| Basic commands | 47 | |
| Build / train | 67 | |
| ESC pressed | 2 | |
| Enter build submenu | 18 | |
| Enter hero's abilities submenu | 4 | |
| Give item / drop item | 1 | |
| Right click | 635 | |
| Select / deselect | 195 | |
| Select group hotkey | 265 | |
| Use ability | 44 | |
1319 total
» units
| Peasant | 15 | |
| Footman | 3 | |
| Rifleman | 11 | |
29 total
» upgrades
| Plating | 1 | |
| Gunpowder | 2 | |
| Armor | 2 | |
| Masonry | 1 | |
| Long Rifles | 1 | |
7 total
» buildings
| Altar of Kings | 1 | |
| Barracks | 2 | |
| Farm | 5 | |
| Blacksmith | 1 | |
| Lumber Mill | 1 | |
| Arcane Vault | 1 | |
| Scout Tower | 3 | |
| Arcane Tower | 4 | |
| Keep | 1 | |
| Town Hall | 1 | |
| Castle | 3 | |
| Guard Tower | 4 | |
27 total
» build order
00:10 Altar of Kings
00:13 Barracks
00:15 Farm
00:45 Farm
01:52 Blacksmith
02:52 Farm
03:15 Lumber Mill
03:21 Arcane Vault
03:34 Farm
04:01 Scout Tower
04:38 Arcane Tower
04:53 Farm
05:47 Keep
08:35 Town Hall
09:24 Castle
09:24 Castle
09:33 Scout Tower
09:38 Scout Tower
10:02 Guard Tower
10:02 Guard Tower
10:04 Arcane Tower
10:04 Arcane Tower
11:32 Barracks
» items

»
ToX (
teal | 55 APM | 659 actions | 12:02)
2 Priestess of the Moon
1 Trueshot Aura
1 Searing Arrows
1 Keeper of the Grove
1 Entangling Roots
» actions
| Assign group hotkey | 42 | |
| Build / train | 39 | |
| Enter build submenu | 16 | |
| Enter hero's abilities submenu | 3 | |
| Remove unit from queue | 1 | |
| Right click | 211 | |
| Select / deselect | 127 | |
| Select group hotkey | 199 | |
| Use ability | 21 | |
659 total
» units
| Wisp | 14 | |
| Huntress | 11 | |
| Dryad | 4 | |
| Druid of the Talon | 2 | |
31 total
» upgrades
| Druid of the Talon Training | 1 | |
1 total
» buildings
| Altar of Elders | 1 | |
| Moon Well | 7 | |
| Hunter's Hall | 1 | |
| Ancient of War | 1 | |
| Ancient Protector | 1 | |
| Ancient of Wonders | 1 | |
| Tree of Ages | 1 | |
| Ancient of Lore | 1 | |
| Ancient of Wind | 1 | |
15 total
» build order
00:07 Altar of Elders
00:16 Moon Well
01:29 Hunter's Hall
01:44 Ancient of War
02:14 Moon Well
02:34 Ancient Protector
02:56 Moon Well
04:18 Ancient of Wonders
04:59 Tree of Ages
05:15 Moon Well
07:38 Ancient of Lore
08:00 Ancient of Wind
08:53 Moon Well
09:40 Moon Well
11:44 Moon Well
Chat log
(00:34 / Allies) bear10: rush?
(00:43 / Allies) Hekate: sure
(00:57 / Allies) bear10: get heros with auras plz
(00:58 / Allies) bear10: lol
(01:07 / Allies) Hekate: I'm going blood mage
(01:15 / Allies) bear10: TC
(03:18 / Allies) bear10: come on guys
(03:20 / Allies) bear10: lets rush green
(03:32 / Allies) Sevenless: wheres green
(03:44 / Allies) Sevenless: how would you know that
(03:55 / Allies) Hekate: if he has mh who cares, advantage for us
(03:58 / Allies) bear10: uz otherwise he would harrass
(04:04 / Allies) bear10: mh?
(04:09 / Allies) Hekate: maphack
(04:13 / Allies) Hekate: let's go
(04:31 / Allies) bear10: ok gogogo
(05:06 / Allies) bear10: wait for teal
(05:10 / Allies) bear10: nvm just go
(05:14 / Allies) Hekate: yeah
(05:20 / Allies) bear10: lol
(05:24 / Allies) bear10: not even green
(05:25 / Allies) bear10: ahahah
(05:27 / Allies) Hekate: air
(05:32 / Allies) Sevenless: oh well
(05:34 / Allies) Sevenless: a techer
(06:47 / Allies) bear10: borrows
(07:03 / All) Hekate: lol
(07:05 / All) DrJamesRussel: Clever
(07:09 / All) Hekate: ty sir
(07:14 / Allies) bear10: back
(07:15 / Allies) bear10: back
(07:16 / All) DrJamesRussel: we're fucked anyway
(07:24 / All) Hekate: I lost my hero so I got no xp :(
(07:24 / Allies) ToX: gotta go again
(07:37 / Allies) bear10: k
(07:41 / Allies) bear10: meet at mid
(07:47 / Allies) Hekate: lemme creep a little first
(07:49 / Allies) Sevenless: waiitng on hero
(07:50 / Allies) ToX: im goin back to wells to teal
(08:21 / Allies) ToX: back to oj
(08:35 / Allies) Sevenless: have full mana first
(09:18 / Allies) Hekate: omw
(09:24 / Allies) ToX: lets go
(09:36 / Allies) bear10: gogogogggogogo
(10:05 / Allies) bear10: kill green
(10:05 / Allies) Sevenless: he will flank us
(10:12 / Allies) Hekate: he is distracting
(10:13 / Allies) Hekate: delaying us
(10:15 / Allies) Hekate: to buy time
(10:19 / Allies) bear10: ok
(10:20 / Allies) bear10: oogogog
(10:24 / Allies) Sevenless: just prepare for him
(10:42 / Allies) ToX: burrows
(10:43 / Allies) bear10: main
(10:44 / Allies) bear10: main
(10:56 / Allies) bear10: MAIN
(11:30 / All) DrJamesRussel: gg i suppose
(11:33 / All) Hekate: gg
(11:51 / All) SourDiesel_Pot: wow pussy team